 Dungeon Crawl Stone Soup version 0.30-a0-743-gbfdf073431 (webtiles) character file.

Game seed: 5106786043867925929

294 porpoise the Poker (level 6, -3/48 HPs)
             Began as a Demonspawn Gladiator on Feb 6, 2023.
             Slain by a gnoll
             ... wielding a +0 halberd
              (8 damage)
             ... on level 4 of the Dungeon.
             The game lasted 00:06:07 (2822 turns).

porpoise the Poker (Demonspawn Gladiator)           Turns: 2822, Time: 00:06:07

Health: -3/48      AC:  8    Str: 16    XL:     6   Next: 11%
Magic:  6/6        EV: 10    Int:  9    God:
Gold:   150        SH:  0    Dex: 15    Spells: 5/5 levels left

rFire   . . .      SeeInvis .    a - +0 trident
rCold   . . .      Faith    .    (no shield)
rNeg    . . .      Spirit   .    k - +0 scale mail
rPois   .          Reflect  .    c - +0 helmet
rElec   .          Harm     .    u - +0 cloak
rCorr   .          Rampage  .    (no gloves)
Will    .....                    (no boots) Stlth
                                 (no amulet)
HPRegen 0.28/turn                (no ring)
MPRegen 0.20/turn                (no ring)

@: no status effects
A: magic regeneration, demonic touch 2
a: no special abilities


You were on level 4 of the Dungeon.
You visited 1 branch of the dungeon, and saw 4 of its levels.

You collected 150 gold pieces.

Inventory:

Hand Weapons
 a - a +0 trident (weapon)
 b - a +0 sling
 s - a +1 short sword of electrocution
Missiles
 d - 3 throwing nets (quivered)
 e - a javelin
 p - 3 poisoned darts
Armour
 c - a +0 helmet (worn)
 k - a +0 scale mail (worn)
 u - a +0 cloak (worn)
Jewellery
 n - a ring of ice
 o - a ring of wizardry
Scrolls
 f - a scroll of vulnerability {unknown}
 g - a scroll of teleportation
 j - a scroll of enchant weapon {unknown}
 l - 2 scrolls of silence
 m - a scroll of amnesia {unknown}
 q - a scroll of immolation {unknown}
Potions
 h - a potion of lignification {unknown}
 i - a potion of heal wounds
 r - a potion of curing
 t - a potion of mutation


   Skills:
 + Level 4.0 Fighting
 * Level 5.3 Polearms
 - Level 1.7 Throwing
 - Level 2.6 Dodging


You had 5 spell levels left.
You didn't know any spells.
Your spell library contained the following spells:

 Spells                   Type           Power      Damage    Failure   Level
 Ensorcelled Hibernation  Hex/Ice        0%         N/A       93%         2
 Passwall                 Tmut/Erth      0%         N/A       93%         2
 Swiftness                Air            0%         N/A       99%         3
 Alistair's Intoxication  Tmut/Pois      0%         N/A       100%        5
 Borgnjor's Vile Clutch   Necr/Erth      0%         N/A       100%        5
 Eringya's Noxious Bog    Tmut/Pois      0%         N/A       100%        6


Dungeon Overview and Level Annotations

Branches:
Dungeon (4/15)
 Temple: D:4-7

Altars:


Innate Abilities, Weirdness & Mutations

You regenerate magic rapidly.
Your touch may inflict irresistible damage on your foes.


Message History

An adder comes into view.
The orc hits you but does no damage.
You are poisoned.
The gnoll hits you but does no damage.
The orc wizard hits you with a +0 dagger.
You puncture the orc wizard!
You kill the orc wizard!
You feel sick. The orc completely misses you.
An orc comes into view.
It is wielding a +2 flail of holy wrath.
Your Fighting skill increases to level 4!
You reach to attack!
You barely miss the gnoll.
You feel sick.
The orc hits you from afar with a +1 trident of venom.
You are more poisoned.
A jackal comes into view.
You feel very sick.
The jackal barks!
The orc hits you with a +1 trident of venom.
You are lethally poisoned!
The gnoll barely misses you. The gnoll misses you.
The gnoll hits you but does no damage.
Things that are here:
a +0 dagger; a +0 robe You closely miss the orc.
Your touch misses the orc.
You feel extremely sick. The orc barely misses you.
The gnoll completely misses you.
The gnoll hits you from afar with a +0 halberd.
The gnoll misses you.
You hit the orc.
The orc is lightly wounded.
* * * LOW HITPOINT WARNING * * *
You feel very sick. The orc barely misses you. The gnoll closely misses you.
The gnoll hits you from afar with a +0 halberd.
* * * LOW HITPOINT WARNING * * *
The gnoll hits you but does no damage.
You feel better.
The gnoll hits you from afar with a +0 halberd!
* * * LOW HITPOINT WARNING * * *
The gnoll hits you from afar with a +0 halberd!
You die...

#.##..........#........
#...............#.#####
############..........
.............####
########....########
....................
#####....###########
........##...####
##>......@ogo....
####.#.##goS#### #.#.#


ggh# #.#.# o.... # #.# ....... #.# ....... #.# ....... #. ....... You could see
4 gnolls, an adder, 4 orcs and a jackal.

Vanquished Creatures
  An ice beast (D:3)
  An orc priest (D:3)
  2 iguanas (D:4)
  2 orc wizards
  2 adders
  4 worms
  3 dart slugs
  4 orcs (D:3)
  4 ball pythons
  3 endoplasms
  A giant cockroach (D:1)
  3 goblins
  6 hobgoblins
  2 quokkas (D:2)
  A bat (D:2)
  3 frilled lizards
  5 kobolds
  3 rats
50 creatures vanquished.

Vanquished Creatures (others)
  4 withered plants (D:2)
4 creatures vanquished.

Grand Total: 54 creatures vanquished

Notes
Turn   | Place    | Note
-------+----------+-------------------------------------------
     0 | D:1      | porpoise the Demonspawn Gladiator began the quest for the
                  | Orb.
     0 | D:1      | Reached XP level 1. HP: 16/16 MP: 1/1
   179 | D:1      | Reached skill level 3 in Polearms
   234 | D:1      | Gained mutation: You regenerate magic rapidly. [demonic
                  | ancestry]
   234 | D:1      | Reached XP level 2. HP: 22/22 MP: 2/2
   911 | D:2      | Found a faded altar of an unknown god.
  1189 | D:2      | Gained mutation: Your touch may inflict minor irresistible
                  | damage on your foes. [demonic ancestry]
  1189 | D:2      | Reached XP level 3. HP: 18/28 MP: 3/3
  1799 | D:3      | Reached skill level 4 in Polearms
  1919 | D:3      | Reached XP level 4. HP: 33/34 MP: 4/4
  2315 | D:3      | Noticed an ice beast
  2320 | D:3      | Killed an ice beast
  2321 | D:3      | Reached skill level 5 in Polearms
  2321 | D:3      | Reached XP level 5. HP: 26/42 MP: 5/5
  2759 | D:4      | Gained mutation: Your touch may inflict irresistible damage
                  | on your foes. [demonic ancestry]
  2759 | D:4      | Reached XP level 6. HP: 38/48 MP: 6/6
  2822 | D:4      | Slain by a gnoll

Illustrated notes

Levels and vault maps discovered:
D:1:      dpeg_arrival_boxes_within_box, layout_loops_ring,
          kennysheep_another_room
D:2:      layout_basic, ebering_ecumenical_altar_petrified
D:3:      layout_loops_ring
D:4:      layout_basic, minmay_temple_entry_statues_pillars

Skill      XL: |  1  2  3  4  5  6 |
---------------+-------------------+-----
Polearms       | 3 4 5 |  5.3
Fighting       | 3 4 |  4.0
Throwing       | |  1.7
Dodging        | |  2.6

Action                     |  1- 3 |  4- 6 || total
---------------------------+-------+-------++-------
  Melee: Trident           |   112 |    50 ||   162
         Touch             |     2 |     9 ||    11
   Fire: Sling             |    28 |       ||    28
    Use: Scroll            |     4 |     1 ||     5
         Potion            |       |     1 ||     1
   Stab: Sleeping          |     1 |       ||     1
 Armour: Leather armour    |    20 |       ||    20
         Scale mail        |       |    14 ||    14
  Dodge: Dodged            |    40 |    15 ||    55

Table legend: (Time is in decaauts)
 A = Elapsed time spent in this place.
 B = Non-inter-level travel time spent in this place.
 C = Inter-level travel time spent in this place.
 D = Time resting spent in this place.
 E = Time spent auto-exploring this place.
 F = Levels seen in this place.
 G = Mean time per level.
                   A        B        C        D        E       F      G
               +--------+--------+--------+--------+--------+-----+--------+
         Total |   2844 |   2716 |    128 |    457 |   1822 |   4 |  711.0 |
       Dungeon |   2844 |   2716 |    128 |    457 |   1822 |   4 |  711.0 |
               +--------+--------+--------+--------+--------+-----+--------+

Top non-repeatable levels by time:
     D:3: 1031 daAuts
     D:1: 868 daAuts
     D:2: 749 daAuts
     D:4: 195 daAuts
